[ AOE2 MATCH · #505701470 ]
UnrankedJapanese vs Bulgarians
Player's team · WIN
[ REPLAY ANALYSIS · EXTRACTED FROM THE RECORDED GAME ]
Feudal
16:25
Castle
25:26
Imperial
33:54
| APM avg | 50.5 |
| APM peak | 91 |
| eAPM avg | 33.0 |
| Villagers / military | 192 / 121 |
Focus
⚔️ 38.3% · 🌾 61.7%
Cavalry Archer ×38 · Mangonel ×34 · Fishing Ship ×24 · Skirmisher ×18 · Scout Cavalry ×10 · Trebuchet (Packed) ×8
Feudal
21:01
Castle
24:33
Imperial
34:03
| APM avg | 47.0 |
| APM peak | 91 |
| eAPM avg | 24.7 |
| Villagers / military | 161 / 89 |
Focus
⚔️ 28.2% · 🌾 71.8%
Skirmisher ×47 · Cavalry Archer ×27 · Fishing Ship ×17 · Mangonel ×9 · Trebuchet (Packed) ×5 · Monk ×1
Match map
Initial resources + every placement click. Lines = walls · curves = elevation contours. ◆ gold · ⬟ stone · ● berries · ✦ relic · ◌ wall gap
Your base· ✓ Closed at 25:26 · 57t walls · 1 gate(s)
addro94's base· ✓ Closed at 24:33 · 36t walls · 1 gate(s)
Smoothed initial terrain · ◌ = detected wall gap · hover for details
Inputs per minute
— Sharky aoe - - addro94
Build order — Sharky aoe
First 150 of 616 actions detected
| 0:00 | Queue | Villager (Male) |
| 0:01 | Queue | Villager (Male) |
| 0:02 | Build | House |
| 0:03 | Build | House |
| 0:09 | Queue | Villager (Male) |
| 0:21 | Research | Loom |
| 0:22 | Queue | Villager (Male) |
| 0:28 | Queue | Villager (Male) |
| 2:00 | Queue | Villager (Male) |
| 2:10 | Build | Palisade Wall |
| 2:37 | Build | Palisade Wall |
| 2:38 | Build | Palisade Wall |
| 2:39 | Build | Palisade Wall |
| 2:40 | Build | Palisade Wall |
| 2:46 | Queue | Villager (Male) |
| 2:58 | Build | Palisade Wall |
| 3:00 | Build | Palisade Wall |
| 3:01 | Build | Palisade Wall |
| 3:02 | Build | Palisade Wall |
| 3:09 | Build | Palisade Wall |
| 3:14 | Queue | Villager (Male) |
| 3:14 | Queue | Villager (Male) |
| 3:43 | Queue | Villager (Male) |
| 4:12 | Build | Lumber Camp |
| 4:15 | Queue | Villager (Male) |
| 4:15 | Queue | Villager (Male) |
| 4:23 | Build | Palisade Wall |
| 4:25 | Build | Palisade Wall |
| 4:26 | Build | Palisade Wall |
| 4:31 | Build | Palisade Wall |
| 4:34 | Queue | Villager (Male) |
| 4:53 | Queue | Villager (Male) |
| 5:06 | Queue | Villager (Male) |
| 5:28 | Queue | Villager (Male) |
| 5:33 | Build | Palisade Wall |
| 5:33 | Build | Palisade Wall |
| 5:35 | Build | Palisade Wall |
| 5:36 | Build | Palisade Wall |
| 5:46 | Queue | Villager (Male) |
| 5:52 | Build | House |
| 5:58 | Build | Palisade Wall |
| 6:14 | Queue | Villager (Male) |
| 6:48 | Queue | Villager (Male) |
| 6:51 | Build | Lumber Camp |
| 7:12 | Build | Palisade Gate |
| 7:13 | Build | House |
| 7:20 | Queue | Villager (Male) |
| 7:36 | Queue | Villager (Male) |
| 7:48 | Build | House |
| 8:02 | Queue | Villager (Male) |
| 8:02 | Queue | Villager (Male) |
| 8:04 | Build | House |
| 8:14 | Build | Palisade Wall |
| 8:16 | Build | Palisade Wall |
| 8:17 | Build | Palisade Wall |
| 8:18 | Build | Palisade Wall |
| 8:19 | Build | Palisade Wall |
| 8:19 | Queue | Villager (Male) |
| 8:26 | Build | Palisade Wall |
| 8:39 | Build | Mill |
| 9:20 | Build | House |
| 9:27 | Build | House |
| 9:28 | Build | House |
| 9:32 | Build | Palisade Wall |
| 9:37 | Queue | Villager (Male) |
| 9:37 | Queue | Villager (Male) |
| 9:48 | Queue | Villager (Male) |
| 9:59 | Queue | Villager (Male) |
| 9:59 | Queue | Villager (Male) |
| 10:08 | Build | House |
| 10:21 | Build | Palisade Wall |
| 10:22 | Build | Palisade Wall |
| 10:30 | Queue | Villager (Male) |
| 10:30 | Queue | Villager (Male) |
| 10:41 | Build | Mill |
| 10:44 | Queue | Villager (Male) |
| 11:19 | Queue | Villager (Male) |
| 11:34 | Queue | Villager (Male) |
| 11:48 | Build | Palisade Wall |
| 11:51 | Build | Palisade Wall |
| 11:59 | Build | Mill |
| 11:59 | Queue | Villager (Male) |
| 12:03 | Build | Palisade Wall |
| 12:04 | Build | Palisade Wall |
| 12:05 | Build | Palisade Wall |
| 12:05 | Build | Palisade Wall |
| 12:05 | Build | Palisade Wall |
| 12:06 | Build | Palisade Wall |
| 12:06 | Build | Palisade Wall |
| 12:06 | Build | Palisade Wall |
| 12:06 | Build | Palisade Wall |
| 12:06 | Build | Palisade Wall |
| 12:06 | Build | Palisade Wall |
| 12:07 | Build | Palisade Wall |
| 12:07 | Build | Palisade Wall |
| 12:09 | Queue | Villager (Male) |
| 12:09 | Queue | Villager (Male) |
| 12:17 | Queue | Villager (Male) |
| 12:27 | Build | Palisade Wall |
| 12:28 | Build | Palisade Wall |
| 12:38 | Queue | Villager (Male) |
| 12:43 | Build | House |
| 12:45 | Build | Palisade Wall |
| 12:46 | Queue | Villager (Male) |
| 13:12 | Build | Palisade Wall |
| 13:15 | Build | Palisade Wall |
| 13:17 | Build | Palisade Wall |
| 13:18 | Build | Palisade Wall |
| 13:19 | Build | Palisade Wall |
| 13:31 | Queue | Villager (Male) |
| 13:34 | Build | Dock |
| 14:14 | Research | Feudal Age |
| 14:23 | Queue | Villager (Male) |
| 14:31 | Build | Lumber Camp |
| 15:29 | Build | Barracks |
| 15:37 | Build | Mining Camp |
| 15:45 | Queue | Fishing Ship |
| 15:58 | Queue | Villager (Male) |
| 16:11 | Queue | Fishing Ship |
| 16:16 | Build | Dock |
| 16:23 | Queue | Militia |
| 16:24 | Queue | Militia |
| 16:25 | Age | Feudal Age |
| 16:29 | Build | House |
| 16:30 | Build | Palisade Wall |
| 16:43 | Queue | Villager (Male) |
| 16:53 | Build | House |
| 16:56 | Research | Double-Bit Axe |
| 17:01 | Queue | Villager (Male) |
| 17:03 | Build | House |
| 17:06 | Build | Stone Wall |
| 17:09 | Build | Stone Wall |
| 17:12 | Queue | Fishing Ship |
| 17:12 | Queue | Fishing Ship |
| 17:17 | Build | Farm |
| 17:18 | Build | Farm |
| 17:24 | Queue | Villager (Male) |
| 17:25 | Queue | Villager (Male) |
| 17:30 | Queue | Fishing Ship |
| 17:30 | Queue | Fishing Ship |
| 17:35 | Queue | Villager (Male) |
| 17:46 | Research | Tech 906 |
| 17:46 | Research | Tech 906 |
| 17:47 | Queue | Villager (Male) |
| 17:51 | Build | Lumber Camp |
| 18:03 | Build | Mining Camp |
| 18:08 | Queue | Fishing Ship |
| 18:09 | Queue | Villager (Male) |
| 18:14 | Build | Lumber Camp |
| 18:21 | Queue | Fishing Ship |
Build order — addro94
First 150 of 412 actions detected
| 0:00 | Queue | Villager (Male) |
| 0:00 | Queue | Villager (Male) |
| 0:01 | Build | House |
| 0:02 | Build | House |
| 0:07 | Queue | Villager (Male) |
| 0:08 | Queue | Villager (Male) |
| 0:44 | Research | Loom |
| 0:45 | Queue | Villager (Male) |
| 0:55 | Queue | Villager (Male) |
| 1:31 | Queue | Villager (Male) |
| 2:23 | Queue | Villager (Male) |
| 3:00 | Queue | Villager (Male) |
| 3:08 | Build | Palisade Wall |
| 3:13 | Build | Palisade Wall |
| 3:13 | Build | Palisade Wall |
| 3:40 | Queue | Villager (Male) |
| 4:05 | Queue | Villager (Male) |
| 4:29 | Queue | Villager (Male) |
| 4:44 | Build | Palisade Wall |
| 4:46 | Build | Palisade Wall |
| 4:47 | Build | Palisade Wall |
| 4:53 | Queue | Villager (Male) |
| 5:05 | Build | House |
| 5:12 | Queue | Villager (Male) |
| 5:28 | Build | Palisade Wall |
| 5:38 | Queue | Villager (Male) |
| 6:27 | Queue | Villager (Male) |
| 6:32 | Build | Palisade Wall |
| 7:10 | Queue | Villager (Male) |
| 7:26 | Queue | Villager (Male) |
| 7:26 | Queue | Villager (Male) |
| 7:45 | Build | House |
| 7:58 | Queue | Villager (Male) |
| 8:13 | Build | House |
| 8:42 | Queue | Villager (Male) |
| 8:49 | Build | Lumber Camp |
| 9:02 | Build | House |
| 9:12 | Queue | Villager (Male) |
| 9:16 | Build | Palisade Wall |
| 9:19 | Queue | Villager (Male) |
| 9:38 | Build | Mill |
| 9:46 | Queue | Villager (Male) |
| 10:03 | Queue | Villager (Male) |
| 10:32 | Queue | Villager (Male) |
| 10:37 | Queue | Villager (Male) |
| 11:12 | Build | Dock |
| 11:40 | Queue | Villager (Male) |
| 11:50 | Build | Palisade Wall |
| 11:52 | Build | Palisade Wall |
| 11:54 | Build | Palisade Wall |
| 11:55 | Queue | Villager (Male) |
| 11:57 | Queue | Villager (Male) |
| 12:03 | Queue | Fishing Ship |
| 12:06 | Build | House |
| 12:53 | Queue | Villager (Male) |
| 12:53 | Queue | Villager (Male) |
| 12:53 | Queue | Villager (Male) |
| 13:04 | Queue | Fishing Ship |
| 13:06 | Queue | Villager (Male) |
| 13:06 | Queue | Villager (Male) |
| 13:22 | Build | Palisade Wall |
| 13:26 | Build | Palisade Wall |
| 13:27 | Build | Palisade Wall |
| 13:30 | Build | Palisade Wall |
| 13:32 | Build | Palisade Wall |
| 13:37 | Queue | Villager (Male) |
| 13:38 | Queue | Villager (Male) |
| 13:38 | Queue | Villager (Male) |
| 13:56 | Build | Palisade Gate |
| 14:14 | Build | House |
| 14:16 | Queue | Fishing Ship |
| 14:35 | Queue | Fishing Ship |
| 14:41 | Build | House |
| 14:43 | Build | Mining Camp |
| 15:26 | Queue | Fishing Ship ×5 |
| 15:54 | Queue | Villager (Male) |
| 15:56 | Build | House |
| 16:23 | Build | Palisade Wall |
| 16:27 | Build | Palisade Wall |
| 16:32 | Queue | Villager (Male) |
| 16:33 | Queue | Villager (Male) |
| 16:45 | Queue | Villager (Male) |
| 16:47 | Queue | Villager (Male) |
| 16:48 | Queue | Villager (Male) |
| 16:49 | Queue | Villager (Male) |
| 16:49 | Queue | Villager (Male) |
| 16:51 | Queue | Villager (Male) |
| 16:53 | Build | Palisade Wall |
| 16:58 | Build | Palisade Wall |
| 17:01 | Build | Palisade Wall |
| 17:23 | Queue | Villager (Male) |
| 17:29 | Build | Palisade Wall |
| 17:41 | Build | Farm |
| 17:42 | Build | Farm |
| 17:46 | Build | Farm |
| 17:48 | Build | Farm |
| 17:50 | Build | Farm |
| 17:52 | Queue | Villager (Male) |
| 17:58 | Build | House |
| 18:11 | Build | Farm |
| 18:12 | Build | Farm |
| 18:12 | Build | Farm |
| 18:18 | Build | Farm |
| 18:19 | Build | Farm |
| 18:21 | Queue | Villager (Male) |
| 18:39 | Build | House |
| 18:51 | Research | Feudal Age |
| 19:04 | Build | Mining Camp |
| 19:18 | Build | House |
| 20:05 | Queue | Villager (Male) |
| 20:27 | Queue | Villager (Male) |
| 21:01 | Age | Feudal Age |
| 21:05 | Build | Market |
| 21:07 | Build | Blacksmith |
| 21:17 | Build | Fish Trap |
| 21:21 | Build | Fish Trap |
| 21:25 | Build | Fish Trap |
| 21:41 | Build | House |
| 21:46 | Build | Fish Trap |
| 21:53 | Research | Castle Age |
| 21:54 | Research | Double-Bit Axe |
| 21:55 | Research | Horse Collar |
| 22:04 | Build | Fish Trap |
| 22:20 | Build | Fish Trap |
| 22:29 | Build | Fish Trap |
| 22:50 | Build | Fish Trap |
| 22:57 | Build | Fish Trap |
| 23:01 | Queue | Villager (Male) |
| 23:15 | Build | House |
| 23:16 | Build | House |
| 23:35 | Build | Dock |
| 23:38 | Queue | Fishing Ship |
| 23:55 | Build | Lumber Camp |
| 24:13 | Queue | Fishing Ship |
| 24:20 | Research | Tech 906 |
| 24:29 | Build | Fish Trap |
| 24:33 | Age | Castle Age |
| 24:36 | Research | Bow Saw |
| 24:38 | Queue | Villager (Male) |
| 24:43 | Build | Palisade Wall |
| 24:56 | Build | Monastery |
| 25:06 | Queue | Villager (Male) |
| 25:18 | Build | Town Center |
| 25:38 | Queue | Villager (Male) |
| 25:48 | Build | Fish Trap |
| 25:50 | Queue | Villager (Male) |
| 26:04 | Build | Outpost |
| 26:23 | Build | Town Center |
| 26:24 | Queue | Villager (Male) |
| 26:31 | Queue | Monk |
Match timeline
| 2:10 | Sharky aoe · wall_segment Palisade Wall x6 |
| 2:37 | Sharky aoe · wall_segment Palisade Wall x1 |
| 2:38 | Sharky aoe · wall_segment Palisade Wall x1 |
| 2:39 | Sharky aoe · wall_segment Palisade Wall x1 |
| 2:40 | Sharky aoe · wall_segment Palisade Wall x1 |
| 2:58 | Sharky aoe · wall_segment Palisade Wall x1 |
| 3:00 | Sharky aoe · wall_segment Palisade Wall x1 |
| 3:01 | Sharky aoe · wall_segment Palisade Wall x1 |
| 3:02 | Sharky aoe · wall_segment Palisade Wall x1 |
| 3:08 | addro94 · wall_segment Palisade Wall x4 |
| 3:09 | Sharky aoe · wall_segment Palisade Wall x1 |
| 3:13 | addro94 · wall_segment Palisade Wall x5 |
| 3:13 | addro94 · wall_segment Palisade Wall x1 |
| 4:23 | Sharky aoe · wall_segment Palisade Wall x1 |
| 4:25 | Sharky aoe · wall_segment Palisade Wall x1 |
| 4:26 | Sharky aoe · wall_segment Palisade Wall x2 |
| 4:31 | Sharky aoe · wall_segment Palisade Wall x1 |
| 4:44 | addro94 · wall_segment Palisade Wall x1 |
| 4:46 | addro94 · wall_segment Palisade Wall x1 |
| 4:47 | addro94 · wall_segment Palisade Wall x1 |
| 5:28 | addro94 · wall_segment Palisade Wall x1 |
| 5:33 | Sharky aoe · wall_segment Palisade Wall x1 |
| 5:33 | Sharky aoe · wall_segment Palisade Wall x1 |
| 5:35 | Sharky aoe · wall_segment Palisade Wall x1 |
| 5:36 | Sharky aoe · wall_segment Palisade Wall x1 |
| 5:58 | Sharky aoe · wall_segment Palisade Wall x1 |
| 6:32 | addro94 · wall_segment Palisade Wall x1 |
| 8:14 | Sharky aoe · wall_segment Palisade Wall x1 |
| 8:16 | Sharky aoe · wall_segment Palisade Wall x1 |
| 8:17 | Sharky aoe · wall_segment Palisade Wall x1 |
| 8:18 | Sharky aoe · wall_segment Palisade Wall x1 |
| 8:19 | Sharky aoe · wall_segment Palisade Wall x1 |
| 8:26 | Sharky aoe · wall_segment Palisade Wall x1 |
| 9:16 | addro94 · wall_segment Palisade Wall x1 |
| 9:32 | Sharky aoe · wall_segment Palisade Wall x1 |
| 10:21 | Sharky aoe · wall_segment Palisade Wall x1 |
| 10:22 | Sharky aoe · wall_segment Palisade Wall x1 |
| 11:12 | addro94 · first_building Dock |
| 11:48 | Sharky aoe · wall_segment Palisade Wall x1 |
| 11:50 | addro94 · wall_segment Palisade Wall x1 |
| 11:51 | Sharky aoe · wall_segment Palisade Wall x1 |
| 11:52 | addro94 · wall_segment Palisade Wall x4 |
| 11:54 | addro94 · wall_segment Palisade Wall x1 |
| 12:03 | Sharky aoe · wall_segment Palisade Wall x1 |
| 12:04 | Sharky aoe · wall_segment Palisade Wall x1 |
| 12:05 | Sharky aoe · wall_segment Palisade Wall x1 |
| 12:05 | Sharky aoe · wall_segment Palisade Wall x1 |
| 12:05 | Sharky aoe · wall_segment Palisade Wall x2 |
| 12:06 | Sharky aoe · wall_segment Palisade Wall x1 |
| 12:06 | Sharky aoe · wall_segment Palisade Wall x2 |
| 12:06 | Sharky aoe · wall_segment Palisade Wall x1 |
| 12:06 | Sharky aoe · wall_segment Palisade Wall x1 |
| 12:06 | Sharky aoe · wall_segment Palisade Wall x2 |
| 12:06 | Sharky aoe · wall_segment Palisade Wall x2 |
| 12:07 | Sharky aoe · wall_segment Palisade Wall x1 |
| 12:07 | Sharky aoe · wall_segment Palisade Wall x1 |
| 12:27 | Sharky aoe · wall_segment Palisade Wall x1 |
| 12:28 | Sharky aoe · wall_segment Palisade Wall x3 |
| 12:45 | Sharky aoe · wall_segment Palisade Wall x1 |
| 13:12 | Sharky aoe · wall_segment Palisade Wall x1 |
| 13:15 | Sharky aoe · wall_segment Palisade Wall x1 |
| 13:17 | Sharky aoe · wall_segment Palisade Wall x1 |
| 13:18 | Sharky aoe · wall_segment Palisade Wall x1 |
| 13:19 | Sharky aoe · wall_segment Palisade Wall x1 |
| 13:22 | addro94 · wall_segment Palisade Wall x1 |
| 13:26 | addro94 · wall_segment Palisade Wall x1 |
| 13:27 | addro94 · wall_segment Palisade Wall x1 |
| 13:30 | addro94 · wall_segment Palisade Wall x1 |
| 13:32 | addro94 · wall_segment Palisade Wall x1 |
| 13:34 | Sharky aoe · first_building Dock |
| 15:29 | Sharky aoe · first_building Barracks |
| 16:23 | addro94 · wall_segment Palisade Wall x4 |
| 16:25 | Sharky aoe · age_up feudal |
| 16:27 | addro94 · wall_segment Palisade Wall x1 |
| 16:30 | Sharky aoe · wall_segment Palisade Wall x1 |
| 16:53 | addro94 · wall_segment Palisade Wall x2 |
| 16:58 | addro94 · wall_segment Palisade Wall x1 |
| 17:01 | addro94 · wall_segment Palisade Wall x1 |
| 17:06 | Sharky aoe · wall_segment Stone Wall x1 |
| 17:09 | Sharky aoe · wall_segment Stone Wall x7 |
| 17:29 | addro94 · wall_segment Palisade Wall x1 |
| 21:01 | addro94 · age_up feudal |
| 22:41 | Sharky aoe · first_market_buy 100 food |
| 24:11 | addro94 · first_market_buy 100 wood |
| 24:33 | addro94 · age_up castle |
| 24:43 | addro94 · wall_segment Palisade Wall x1 |
| 24:56 | addro94 · first_building Monastery |
| 25:17 | Sharky aoe · first_market_sell 100 food |
| 25:26 | Sharky aoe · age_up castle |
| 27:01 | Sharky aoe · first_building Monastery |
| 29:43 | addro94 · first_building Siege Workshop |
| 29:54 | Sharky aoe · first_building Archery Range |
| 30:41 | Sharky aoe · first_building Castle |
| 30:43 | addro94 · first_market_sell 100 food |
| 31:32 | addro94 · first_building Castle |
| 31:46 | addro94 · wall_segment Stone Wall x8 |
| 31:55 | Sharky aoe · first_building Stable |
| 32:20 | addro94 · wall_segment Stone Wall x7 |
| 32:50 | Sharky aoe · first_building Siege Workshop |
| 33:07 | addro94 · wall_segment Stone Wall x9 |
| 33:36 | addro94 · first_building Barracks |
| 33:54 | Sharky aoe · age_up imperial |
| 34:03 | addro94 · age_up imperial |
| 34:25 | addro94 · first_building Archery Range |
| 35:07 | addro94 · first_building Krepost |
| 44:58 | addro94 · first_building Stable |
| 46:06 | addro94 · resign |
[ AI ANALYSIS · 1 CREDIT ]
What really happened in this match?
Wolo.gg analyzes every decision: build order, eco, micro, common mistakes by bracket. Personalized analysis on WhatsApp or Discord in 30 seconds.
Civ guide
Japanese
Perfil
Jugador #9702563